 Dungeon Crawl Stone Soup version 0.29-a0-468-ge57f7f9 (webtiles) character file.

Game seed: 2508781001176797980

2042 lyrin the Covered (level 9, -8/68 HPs)
             Began as a Demonspawn Gladiator on May 21, 2022.
             Mangled by a slime creature (11 damage)
             ... on level 4 of the Dungeon.
             The game lasted 00:08:17 (7370 turns).

lyrin the Covered (Demonspawn Gladiator)            Turns: 7370, Time: 00:08:17

Health: -8/68      AC:  2    Str: 18    XL:     9   Next: 4%
Magic:  9/9        EV: 14    Int: 11    God:
Gold:   275        SH:  0    Dex: 26    Spells: 8/8 levels left

rFire   . . .      SeeInvis .   g - +3 dagger
rCold   + + .      Faith    .   (no shield)
rNeg    . . .      Spirit   .   H - +3 ring mail {rC+}
rPois   .          Reflect  .   c - +0 helmet
rElec   .          Harm     .   (no cloak)
rCorr   .          Rampage  .   (no gloves)
Will    .....                   (no boots)
Stlth   +.........              o - amulet of the acrobat
HPRegen 0.21/turn               v - +6 ring of dexterity
MPRegen 0.11/turn               w - ring of the Tick {rC+ Dex+6}

@: corroded
A: powered by pain 1, demonic magic 1, demonic touch 1
a: no special abilities


You were on level 4 of the Dungeon.
You visited 1 branch of the dungeon, and saw 5 of its levels.

You collected 275 gold pieces.

Inventory:

Hand Weapons
 g - a +3 dagger (weapon)
Missiles
 d - 3 throwing nets (quivered)
 e - a javelin
 B - 2 poisoned darts
 J - 2 curare-tipped darts
Armour
 c - a +0 helmet (worn)
 k - a +0 chain mail
 H - a +3 ring mail of cold resistance (worn)
Jewellery
 f - an amulet of guardian spirit
 m - an amulet of faith
 o - an amulet of the acrobat (around neck)
 t - an amulet of magic regeneration
 v - a +6 ring of dexterity (left hand)
 w - the ring of the Tick (right hand) {rC+ Dex+6}
   (You found it on level 3 of the Dungeon)

   [ring of dexterity]

   Dex:       It affects your dexterity (+6).
   rC:        It protects you from cold.
Wands
 y - a wand of digging (1)
 G - a wand of polymorph (6)
Scrolls
 h - a scroll of enchant armour
 i - 3 scrolls of identify
 n - a scroll of brand weapon {unknown}
 p - a scroll of silence {unknown}
 r - 2 scrolls of fear
 u - a scroll of vulnerability {unknown}
 C - 2 scrolls of magic mapping {unknown}
 D - a scroll of poison {unknown}
 E - 3 scrolls of teleportation {unknown}
 I - a scroll of enchant weapon {unknown}
Potions
 a - a potion of degeneration {unknown}
 b - a potion of might {unknown}
 l - 3 potions of ambrosia {unknown}
 q - a potion of haste {unknown}
 s - 2 potions of cancellation {unknown}
 x - a potion of heal wounds {unknown}
 z - 3 potions of flight {unknown}
 A - a potion of mutation {unknown}
 F - a potion of magic {unknown}


   Skills:
 + Level 5.3 Fighting
 * Level 5.9 Long Blades
 - Level 1.7 Throwing
 + Level 7.3 Armour
 + Level 4.5 Dodging


You had 8 spell levels left.
You didn't know any spells.
Your spell library contained the following spells:

 Spells                   Type           Power      Damage    Failure   Level
 Blink                    Tloc           0%         N/A       65%         2
 Sublimation of Blood     Necr           0%         N/A       65%         2
 Gell's Gravitas          Tloc           0%         N/A       86%         3
 Lesser Beckoning         Tloc           0%         N/A       86%         3
 Summon Guardian Golem    Hex/Summ       0%         N/A       86%         3
 Teleport Other           Tloc           0%         N/A       86%         3
 Petrify                  Tmut/Erth      0%         N/A       99%         4
 Irradiate                Conj/Tmut      0%         3d13      100%        5
 Manifold Assault         Tloc           0%         N/A       100%        5
 Orb of Destruction       Conj           0%         9d5       100%        7
 Spellforged Servitor     Conj/Summ      0%         N/A       100%        7


Dungeon Overview and Level Annotations

Branches:
Dungeon (5/15)
 Temple: D:4-7

Altars:
Elyvilon
Hepliaklqana
Wu Jian

Shops:
D:5 !


Innate Abilities, Weirdness & Mutations

You sometimes gain a little power by taking damage.
Spells you cast may paralyse adjacent enemies.
Your touch may inflict minor irresistible damage on your foes.


Message History

The slime creature hits you!
* * * LOW HITPOINT WARNING * * *
The slime creature attacks as you move away!
The slime creature completely misses you.
The slime creature attacks as you move away!
The slime creature completely misses you.
The slime creature attacks as you move away!
The slime creature completely misses you.
The slime creature attacks as you move away!
The slime creature hits you!!
* * * LOW HITPOINT WARNING * * *
There is a stone staircase leading up, spattered with blood here.
The slime creature barely misses you.
You climb upwards.
There is a stone staircase leading down here.
Okay, then.
You feel better. The slime creature misses you.
You feel better. The slime creature hits you!
* * * LOW HITPOINT WARNING * * *
Unknown command.
You feel better. The slime creature hits you.
* * * LOW HITPOINT WARNING * * *
Unknown command.
The slime creature attacks as you move away!
The slime creature completely misses you.
Okay, then.
As you read the scroll labelled UNIBYO ABICI, it crumbles to dust.
It is a scroll of identify.
r - 2 scrolls of fear The slime creature misses you.
As you read the scroll labelled ATRYS VOUCUISU, it crumbles to dust.
It is a scroll of enchant armour.
Your +2 ring mail of cold resistance glows green for a moment.
The slime creature hits you.
* * * LOW HITPOINT WARNING * * *
Aiming: Polymorph
Press: ? - help, Shift-Dir - straight line, f - slime creature
Aim: a slime creature (will become a snapping turtle, a glowing orange brain, or a moth of wrath, chance to affect: 31%)
The slime creature easily resists.
The slime creature hits you!
You die...

#.##.##.# ##...## #.###.###
#.##.##.# ##'## ##.##.##.
#.......# #.# ##.#.#.#
####.#########.###########...##
#...................# ##.##
##########...######.####.#
#.....#..........#
##.J>##.###.###### #.@###.###.#
#..........# #......#####
########


You could see a slime creature.

Vanquished Creatures
  A slime creature (D:5)
  Sigmund (D:2)
  Eustachio (D:4)
  A wraith (D:5)
  Menkaure (D:4)
  2 ogres
  A centaur (D:5)
  2 kobold brigands (D:5)
  A bullfrog (D:5)
  3 scorpions
  3 hounds (D:5)
  3 jellies
  3 orc priests (D:4)
  Natasha (thrice) (D:3)
  An iguana (D:5)
  An orc wizard (D:4)
  Robin (D:2)
  10 adders
  3 gnolls (D:5)
  A white imp (D:5)
  4 dart slugs
  9 orcs
  4 ball pythons
  15 endoplasms
  3 giant cockroaches
  16 goblins
  7 hobgoblins
  8 jackals
  7 kobolds
  3 quokkas
  A bat (D:1)
  4 frilled lizards
  4 rats
128 creatures vanquished.

Vanquished Creatures (others)
  An endoplasm (D:5)
  10 fungi (D:5)
  5 toadstools (D:5)
16 creatures vanquished.

Grand Total: 144 creatures vanquished

Notes
Turn   | Place    | Note
-------+----------+-------------------------------------------
     0 | D:1      | lyrin the Demonspawn Gladiator began the quest for the Orb.
     0 | D:1      | Reached XP level 1. HP: 16/16 MP: 1/1
   178 | D:1      | Gained mutation: Your touch may inflict minor irresistible
                  | damage on your foes. [demonic ancestry]
   178 | D:1      | Reached XP level 2. HP: 19/22 MP: 2/2
  1100 | D:1      | Reached XP level 3. HP: 20/27 MP: 1/3
  1219 | D:2      | Noticed Robin
  1694 | D:2      | Killed Robin
  1773 | D:2      | Reached skill level 1 in Armour
  1773 | D:2      | Reached XP level 4. HP: 32/34 MP: 4/4
  1892 | D:2      | Noticed Sigmund
  2156 | D:2      | You fall into a shaft and drop 2 floors!
  2170 | D:4      | Noticed Menkaure
  2176 | D:4      | Killed Menkaure
  2177 | D:4      | Reached skill level 2 in Armour
  2177 | D:4      | Reached XP level 5. HP: 32/40 MP: 3/5
  2335 | D:3      | Noticed an ogre
  2647 | D:4      | Reached XP level 6. HP: 28/47 MP: 4/6
  2899 | D:3      | Reached skill level 3 in Armour
  3366 | D:3      | Found a hazy altar of Hepliaklqana.
  3445 | D:3      | Identified the ring of the Tick {rC+ Dex+6}
  3716 | D:3      | Noticed Natasha
  3721 | D:3      | Killed Natasha
  3838 | D:3      | Noticed Natasha
  3847 | D:3      | Killed Natasha
  3888 | D:3      | Noticed Natasha
  3897 | D:3      | Killed Natasha
  4294 | D:2      | Killed Sigmund
  4295 | D:2      | Reached skill level 4 in Armour
  4295 | D:2      | Gained mutation: Spells you cast may paralyse adjacent
                  | enemies. [demonic ancestry]
  4295 | D:2      | Reached XP level 7. HP: 46/53 MP: 7/7
  4732 | D:4      | Noticed Eustachio
  4913 | D:4      | Killed Eustachio
  5120 | D:4      | Reached skill level 5 in Long Blades
  5182 | D:4      | Reached skill level 5 in Armour
  5604 | D:5      | Entered Level 5 of the Dungeon
  5656 | D:5      | Found Fiecrifra's Distillery.
  5666 | D:5      | Noticed a wraith
  5675 | D:5      | Killed a wraith
  5676 | D:5      | Gained mutation: You sometimes gain a little power by
                  | taking damage. [demonic ancestry]
  5676 | D:5      | Reached XP level 8. HP: 46/61 MP: 8/8
  5977 | D:5      | Reached skill level 6 in Armour
  6303 | D:5      | Found an ornate altar of the Wu Jian Council.
  6360 | D:5      | Noticed a slime creature
  6365 | D:5      | Noticed a slime creature
  6662 | D:5      | Killed a slime creature
  6663 | D:5      | Reached skill level 5 in Fighting
  6935 | D:5      | Reached skill level 7 in Armour
  7180 | D:5      | Reached XP level 9. HP: 68/68 MP: 9/9
  7361 | D:5      | HP: 2/68 [slime creature (19)]
  7369 | D:4      | HP: 3/68 [slime creature (3)]
  7370 | D:4      | Mangled by a slime creature

Illustrated notes

Levels and vault maps discovered:
D:1:      eino_arrival_water_star, layout_basic
D:2:      layout_basic, uniq_robin, uniq_sigmund
D:3:      layout_basic, old_standard_altar, uniq_natasha
D:4:      layout_loops_corners, kennysheep_potato, uniq_eustachio, uniq_menkaure
D:5:      cheibrodos_fertilizer, layout_loops_ring, elyvilon_altar_4,
          mainiacjoe_overflow_alcove_2, nicolae_take_the_stairs

Skill      XL: |  1  2  3  4  5  6  7  8 |
---------------+-------------------------+-----
Long Blades    | 3 4 5 |  5.9
Dodging        | 3 4 |  4.5
Armour         | 1 2 4 5 7 |  7.3
Fighting       | 3 4 5 |  5.3
Throwing       | |  1.7

Action                   |  1- 3 |  4- 6 |  7- 9 || total
-------------------------+-------+-------+-------++-------
Melee: Dagger            |    91 |   110 |   222 ||   423
       Touch             |    12 |    27 |    56 ||    95
       Punch             |     1 |     2 |     2 ||     5
Evoke: Wand              |       |       |     1 ||     1
  Use: Potion            |       |       |     4 ||     4
       Scroll            |       |       |     2 ||     2
Armor: Leather armour    |     4 |       |       ||     4
       Chain mail        |    60 |    37 |    27 ||   124
       Ring mail         |       |       |    29 ||    29
Dodge: Dodged            |    47 |    49 |   136 ||   232

Table legend: (Time is in decaauts)
 A = Elapsed time spent in this place.
 B = Non-inter-level travel time spent in this place.
 C = Inter-level travel time spent in this place.
 D = Time resting spent in this place.
 E = Time spent auto-exploring this place.
 F = Levels seen in this place.
 G = Mean time per level.
                   A        B        C        D        E       F      G
               +--------+--------+--------+--------+--------+-----+--------+
         Total |   7325 |   7184 |    141 |   1756 |   4133 |   5 | 1465.0 |
       Dungeon |   7325 |   7184 |    141 |   1756 |   4133 |   5 | 1465.0 |
               +--------+--------+--------+--------+--------+-----+--------+

Top non-repeatable levels by time:
     D:4: 1931 daAuts
     D:1: 1672 daAuts
     D:5: 1512 daAuts
     D:3: 1479 daAuts
     D:2: 729 daAuts
